 Dungeon Crawl Stone Soup version 0.23-a0-358-g98c7a59 (webtiles) character file.

96 RoseArtemis the Sneak (level 4, -1/21 HPs)
             Began as a Spriggan Enchanter on Oct 22, 2018.
             Was an Initiate of Gozag.
             Slain by Grinder (3 damage)
             ... on level 3 of the Dungeon.
             The game lasted 00:12:11 (3125 turns).

RoseArtemis the Sneak (Spriggan Enchanter)          Turns: 3125, Time: 00:12:13

Health: -1/21      AC:  2    Str:  4    XL:     4   Next: 41%
Magic:  2/10       EV: 19    Int: 16    God:    Gozag
Gold:   191        SH:  0    Dex: 17    Spells: 0/9 levels left

rFire    . . .     SeeInvis +   a - +2 dagger (venom)
rCold    . . .     Gourm    .   (shield restricted)
rNeg     . . .     Faith    .   b - +0 robe
rPois    .         Spirit   .   (helmet restricted)
rElec    .         Reflect  .   g - scarf {repulsion}
rCorr    .         Harm     .   (gloves unavailable)
MR       .....                  (boots unavailable)
Stlth    +++.......             (no amulet)
HPRegen  0.07/turn              (no ring)
MPRegen  0.12/turn              (no ring)

@: repel missiles, very quick
A: very small, unfitting armour, see invisible, herbivore, speed 3, slow
metabolism 2
a: Potion Petition, Call Merchant, Bribe Branch, Renounce Religion


You were on level 3 of the Dungeon.
You worshipped Gozag.
Gozag was aware of your devotion.
You were very hungry.

You visited 1 branch of the dungeon, and saw 3 of its levels.

You collected 246 gold pieces.
You paid 55 gold pieces to Gozag.

Inventory:

Hand Weapons
 a - a +2 dagger of venom (weapon)
Armour
 b - a +0 robe (worn)
 g - a scarf of repulsion (worn)
Magical Staves
 i - an uncursed staff of air
Jewellery
 h - an uncursed ring of fire {unknown}
Scrolls
 f - 2 scrolls of fog {unknown}
 k - a scroll of teleportation {unknown}
 o - a scroll of blinking {unknown}
 p - a scroll of immolation {unknown}
 r - a scroll of identify
Potions
 c - 2 potions of magic {unknown}
 e - a potion of heal wounds {unknown}
 l - a potion of mutation {unknown}
 m - a potion of ambrosia {unknown}
 n - a potion of resistance {unknown}
 q - a potion of might {unknown}
Comestibles
 d - 7 rations


   Skills:
 + Level 2.0 Short Blades
 + Level 3.8 Dodging
 + Level 5.1 Stealth
 + Level 3.3 Spellcasting
 * Level 4.8 Hexes


You couldn't memorise any spells.
You knew the following spells:

 Your Spells              Type           Power        Failure   Level  Hunger
a - Corona                Hex            ###....      2%          1    None
b - Ensorcelled Hibernat  Hex/Ice        ##....       10%         2    ##.....
c - Tukima's Dance        Hex            ###.....     8%          3    ###....
d - Dazzling Spray        Conj/Hex       ##....       21%         3    ###....

Your spell library contained the following spells:

 Spells                   Type           Power        Failure   Level  Hunger
 Confuse                  Hex            ###.....     8%          3    ###....


Dungeon Overview and Level Annotations

Branches:
Dungeon (3/15)

Altars:
Gozag

Annotations:
D:3 Grinder


Innate Abilities, Weirdness & Mutations

You are very small and have problems with some larger weapons.
You are too small for most types of armour.
You have supernaturally acute eyesight. (SInv)
You are a herbivore.
You cover ground extremely quickly.
You need to consume almost no food.


Message History

You hit Grinder but do no damage. Grinder hits you.
* * * LOW HITPOINT WARNING * * *
You writhe in agony.
* * * LOW HITPOINT WARNING * * *
You feel better. Grinder hits you.
* * * LOW HITPOINT WARNING * * *
You writhe in agony.
* * * LOW HITPOINT WARNING * * *
Okay, then.
You feel better.
Grinder says, "Don't move a muscle."
Grinder barely misses you.
You hit Grinder.
Grinder says, "Mostly I couldn't keep them alive."
Grinder blinks!
You hit Grinder. Grinder hits you.
* * * LOW HITPOINT WARNING * * *
You writhe in agony.
You die...
Your body crumbles into a pile of gold.

#.........#
########### ## .#
#########.########
.................##
######..#.........#
# ###.........#5.#
# #.......###.#@.#
# #.###.#.# #...ยง#
# #.#...#.####...#
# # #...........$#
#.............#
#...#.#.....<##
#.....#.####.#
#.#.###.# .# #.#..
#.# .#


You could see Grinder.

Vanquished Creatures
  3 adders (D:2)
  3 worms
  2 dart slugs (D:2)
  5 leopard geckos
  A giant cockroach (D:1)
  4 hobgoblins
  3 jackals (D:1)
  11 kobolds
  A quokka (D:2)
  5 bats
  6 frilled lizards
  4 goblins
  8 rats
56 creatures vanquished.

Notes
Turn   | Place    | Note
-------+----------+-------------------------------------------
     0 | D:1      | RoseArtemis the Spriggan Enchanter began the quest for the
                  | Orb.
     0 | D:1      | Reached XP level 1. HP: 9/9 MP: 5/5
   339 | D:1      | Reached XP level 2. HP: 13/13 MP: 6/6
   948 | D:1      | Learned a level 2 spell: Ensorcelled Hibernation
  1397 | D:2      | Reached XP level 3. HP: 16/16 MP: 8/8
  1719 | D:2      | Reached skill level 5 in Stealth
  2034 | D:2      | Reached XP level 4. HP: 21/21 MP: 0/9
  2356 | D:3      | Found an opulent altar of Gozag.
  2381 | D:3      | Became a worshipper of Gozag Ym Sagoz the Greedy
  2424 | D:3      | Learned a level 3 spell: Tukima's Dance
  2428 | D:3      | Learned a level 3 spell: Dazzling Spray
  3103 | D:3      | Noticed Grinder
  3121 | D:3      | HP: 1/21 [Grinder (1)]
  3125 | D:3      | Slain by Grinder

Vault maps used:
D:1:      grunt_arrival_lava_bath, serial_bayou_pond_a
D:2:      minmay_randomly_rotated_circles
D:3:      nicolae_gozag_seed_capital, first_ration, lemuel_another_geyser,
          uniq_grinder

Skill      XL: |  1  2  3  4 |
---------------+-------------+-----
Hexes          | 4 |  4.8
Spellcasting   | 3 |  3.3
Stealth        | 5 |  5.1
Short Blades   | 2 |  2.0
Dodging        | |  3.8

Action                   |  1- 3 |  4- 6 || total
-------------------------+-------+-------++-------
Melee: Dagger            |   116 |    37 ||   153
 Cast: Corona            |    14 |     2 ||    16
       Ensorcelled Hiber |    18 |     5 ||    23
       Dazzling Spray    |       |     3 ||     3
  Use: Scroll            |       |     2 ||     2
       Potion            |       |     2 ||     2
 Stab: Sleeping          |    21 |     9 ||    30
Armor: Robe              |    12 |       ||    12
Dodge: Dodged            |    98 |    20 ||   118
       Deflected         |     1 |       ||     1

Table legend:
 A = Non-vault XP
 B = Vault XP
 C = Vault XP percentage of total XP
 D = Non-vault monster count
 E = Vault monster count
 F = Vault count percentage of total count
                 A         B        C        D         E       F
            +---------+---------+-------+---------+---------+-------
      Total |     131 |       7 |   5.1 |      50 |       6 |  10.7
            +---------+---------+-------+---------+---------+-------
        D:1 |      34 |       0 |   0.0 |      20 |       0 |   0.0
        D:2 |      70 |       7 |   9.1 |      16 |       6 |  27.3
        D:3 |      27 |       0 |   0.0 |      14 |       0 |   0.0
            +---------+---------+-------+---------+---------+-------
